 Dungeon Crawl Stone Soup version 0.30.1-11-g7821555f0a (webtiles) character file.

Game seed: 503614496740431130

77 porpoise the Shooter (level 4, -8/39 HPs)
             Began as a Minotaur Hunter on Dec 28, 2023.
             Killed by nerve-wracking pain
             ... invoked by Grinder
              (13 damage)
             ... on level 2 of the Dungeon.
             The game lasted 00:03:56 (1318 turns).

porpoise the Shooter (Minotaur Hunter)              Turns: 1318, Time: 00:03:57

Health: -8/39      AC:  3    Str: 15    XL:     4   Next: 13%
Magic:  3/3        EV: 12    Int:  6    God:
Gold:   99         SH:  0    Dex: 16    Spells: 3/3 levels left

rFire   . . .        a - +0 shortbow
rCold   . . .        (shield currently unavailable)
rNeg    . . .        c - +0 leather armour
rPois   .            (helmet restricted)
rElec   .            l - scarf {+Inv}
rCorr   .            (no gloves)
SInv    .            (no boots)
Will    .....        (no amulet)
Stlth   +            (no ring)
HPRegen 0.26/turn    (no ring)
MPRegen 0.08/turn

%: no passive effects
@: hasted, very quick
A: horns 2, retaliatory headbutt
a: Evoke Invisibility


You were on level 2 of the Dungeon.
You visited 1 branch of the dungeon, and saw 3 of its levels.

You collected 99 gold pieces.

Inventory:

Hand Weapons
 a - a +0 shortbow (weapon)
 b - a +1 vampiric spear
 j - a +0 rapier
Armour
 c - a +0 leather armour (worn)
 l - a scarf of invisibility (worn)
Jewellery
 i - a +6 ring of intelligence
Scrolls
 d - a scroll of identify
 e - a scroll of immolation
 g - a scroll of enchant armour {unknown}
 k - a scroll of noise {unknown}
Potions
 f - a potion of curing


   Skills:
 + Level 3.6 Fighting
 * Level 5.7 Ranged Weapons
 - Level 2.1 Dodging
 - Level 0.7 Stealth


You had 3 spell levels left.
You didn't know any spells.
Your spell library was empty.

Dungeon Overview and Level Annotations

Branches:
Dungeon (3/15)

Altars:

Annotations:
D:2 Grinder


Innate Abilities, Weirdness & Mutations

You have a pair of horns on your head.
You reflexively headbutt those who attack you in melee.


Message History

You are too injured to fight recklessly!
Unknown command.
You shoot an arrow. The arrow barely misses Grinder.
Grinder gestures at you.
You suddenly lose the ability to move!
Grinder hits you.
* * * LOW HITPOINT WARNING * * *
You writhe in agony.
* * * LOW HITPOINT WARNING * * *
Grinder gestures at you.
You shrug off the repeated paralysis!
Grinder hits you!
* * * LOW HITPOINT WARNING * * *
You writhe in agony.
* * * LOW HITPOINT WARNING * * *
You can move again.
You feel better. Grinder hits you but does no damage.
You feel yourself speed up.
Grinder blinks!
Grinder gestures at you. Pain shoots through your body!
* * * LOW HITPOINT WARNING * * *
Fire: a) +0 shortbow
Press: ? - help, Q - select action, (/) - cycle Shift-Dir - straight line, f/p - Grinder
Aim: Grinder (severely wounded, 60% to hit)
You shoot an arrow. The arrow hits Grinder.
Grinder is severely wounded.
Unknown command.
Fire: a) +0 shortbow
Press: ? - help, Q - select action, (/) - cycle Shift-Dir - straight line, f/p - Grinder
Aim: Grinder (severely wounded, 60% to hit)
You shoot an arrow. The arrow barely misses Grinder.
Grinder closely misses you.
Unknown command.
Fire: a) +0 shortbow
Press: ? - help, Q - select action, (/) - cycle Shift-Dir - straight line, f/p - Grinder
Aim: Grinder (severely wounded, 60% to hit)
You shoot an arrow. The arrow closely misses Grinder.
Grinder gestures at you. Pain shoots through your body!
You die...

#### ...#
##.################
...............5@>#
#################.#
#.#
#################.#
...............##.#
##############.##.#
....##.......#.##.#
###.##.#####.#.##.#
.<#.##.# #...##.#


You could see Grinder.

Vanquished Creatures
  A gnoll (D:1)
  2 adders (D:2)
  A worm (D:2)
  4 bats
  4 endoplasms
  2 giant cockroaches
  2 goblins (D:1)
  7 hobgoblins
  2 jackals (D:2)
  6 kobolds
  A quokka (D:1)
  5 ball pythons
  2 frilled lizards
  2 rats (D:1)
41 creatures vanquished.

Notes
Turn   | Place    | Note
-------+----------+-------------------------------------------
     0 | D:1      | porpoise the Minotaur Hunter began the quest for the Orb.
     0 | D:1      | Reached XP level 1. HP: 18/18 MP: 0/0
    80 | D:1      | Reached XP level 2. HP: 16/25 MP: 1/1
   162 | D:1      | Reached skill level 5 in Ranged Weapons
   301 | D:1      | Reached XP level 3. HP: 29/31 MP: 2/2
   950 | D:2      | Reached XP level 4. HP: 38/38 MP: 3/3
  1284 | D:3      | Noticed Grinder
  1290 | D:3      | Paralysed by Grinder for 5 turns
  1309 | D:2      | Paralysed by Grinder for 4 turns
  1318 | D:2      | Killed from afar by Grinder

Illustrated notes

Levels and vault maps discovered:
D:1:      ncdulo_halloftheorcs, layout_basic
D:2:      layout_basic
D:3:      layout_loops_corners, uniq_grinder

Skill      XL: |  1  2 |
---------------+-------+-----
Fighting       | 3 |  3.6
Ranged Weapons | 5 |  5.7
Dodging        | |  2.1
Stealth        | |  0.7

Action                     |  1- 3 |  4- 6 || total
---------------------------+-------+-------++-------
   Fire: Shortbow          |    91 |    31 ||   122
    Use: Scroll            |       |     2 ||     2
         Potion            |       |     2 ||     2
 Armour: Leather armour    |     6 |     2 ||     8
  Dodge: Dodged            |    19 |     8 ||    27
